| TOP OF THE 1ST |
|
Summit Red Dragons batting - Pitching for Batavia Clippers : RHP Antonio Fadhel
|
|
Pitching: RHP Antonio Fadhel
|
|
|
Batting: RHB Dana Williams
|
0-0: Called Strike 0-1: Ground out 5-3 (Groundball, 56, EV 82.5 MPH)
|
|
Batting: LHB Lou Thornton
|
0-0: Ground out 1-3 (Groundball, 23, EV 65.6 MPH)
|
|
Batting: SHB Mark T McLemore
|
0-0: Ball 1-0: Ball 2-0: Ball 3-0: Base on Balls
|
|
Batting: RHB Kash Beauchamp
|
0-0: Fielders Choice at 2nd, 6-4 (Groundball, 6, EV 85.6 MPH)
|
| Top of the 1st over - 0 runs, 0 hits, 0 errors, 1 left on base; Summit 0 - Batavia 0 |
| BOTTOM OF THE 1ST |
|
Batavia Clippers batting - Pitching for Summit Red Dragons : LHP Bill Wilkinson
|
|
Pitching: LHP Bill Wilkinson
|
|
|
Batting: RHB Greg Tabor
|
0-0: Called Strike 0-1: Ball 1-1: DOUBLE (Flyball, 8LXD, EV 102.5 MPH)
|
|
Batting: LHB Mark Bingham
|
0-0: Ground out 4-3 (Groundball, 4, EV 103.8 MPH) Greg Tabor to third
|
|
Batting: RHB Mickey Brantley
|
0-0: Ball 1-0: Ball 2-0: Fly out, F7 (Flyball, 7, EV 87.5 MPH) Runner from 3rd tags up, SCORES, no throw by LF
|
|
Batting: RHB Dave Sax
|
0-0: SINGLE (Flyball, 78S, EV 86.3 MPH)
|
|
Batting: RHB Glenn Carpenter
|
0-0: Ball 1-0: Ball 2-0: Foul Ball, location: 2F 2-1: Foul Ball, location: 2F 2-2: Ball 3-2: Strikes out swinging
|
| Bottom of the 1st over - 1 run, 2 hits, 0 errors, 1 left on base; Summit 0 - Batavia 1 |
| TOP OF THE 2ND |
|
Summit Red Dragons batting - Pitching for Batavia Clippers : RHP Antonio Fadhel
|
|
Batting: LHB John Westmoreland
|
0-0: Ball 1-0: Foul Ball, location: 2F 1-1: Ball 2-1: Called Strike 2-2: Strikes out swinging
|
|
Batting: LHB Dion Lowe
|
0-0: Foul Ball, location: 2F 0-1: Ball 1-1: Called Strike 1-2: Foul Ball, location: 2F 1-2: Strikes out swinging
|
|
Batting: RHB John Smith
|
0-0: Called Strike 0-1: Ground out 4-3 (Groundball, 4, EV 85.6 MPH)
|
| Top of the 2nd over - 0 runs, 0 hits, 0 errors, 0 left on base; Summit 0 - Batavia 1 |
| BOTTOM OF THE 2ND |
|
Batavia Clippers batting - Pitching for Summit Red Dragons : LHP Bill Wilkinson
|
|
Batting: LHB Mike Botkin
|
0-0: Ball 1-0: SINGLE (Groundball, 4D, EV 95.0 MPH)
|
|
Batting: RHB Larry Kiesling
|
0-0: Called Strike 0-1: Ball 1-1: Ball 2-1: Ball 3-1: Base on Balls Mike Botkin to second
|
|
Batting: RHB Jorge Gonzalez
|
0-0: Ball 1-0: Ball 2-0: Ball 3-0: Base on Balls Mike Botkin to third Larry Kiesling to second
|
|
Pinch Hitting: LHB Federico Rapalo
|
0-0: Ball 1-0: Grounds into double play, 4-6-3 (Groundball, 4, EV 85.0 MPH) Mike Botkin scores Larry Kiesling to third
|
|
Batting: RHB Greg Tabor
|
0-0: Called Strike 0-1: SINGLE (Line Drive, 78S, EV 97.5 MPH) Larry Kiesling scores
|
|
Batting: LHB Mark Bingham
|
0-0: Ball 1-0: Ball 2-0: Foul Ball, location: 2F 2-1: Foul Ball, location: 2F 2-2: Strikes out swinging
|
| Bottom of the 2nd over - 2 runs, 2 hits, 0 errors, 1 left on base; Summit 0 - Batavia 3 |
| TOP OF THE 3RD |
|
Summit Red Dragons batting - Pitching for Batavia Clippers : RHP Antonio Fadhel
|
|
Now at 2B: Luis Handal
|
|
|
Batting: RHB Colacito Sanchez
|
0-0: Ball 1-0: Foul Ball, location: 2F 1-1: Swinging Strike 1-2: Foul Ball, location: 2F 1-2: Strikes out swinging
|
|
Batting: RHB Kenneth Gordon
|
0-0: Called Strike 0-1: Ball 1-1: Ground out 3-1 (Groundball, 34, EV 78.8 MPH)
|
|
Batting: RHB Dana Williams
|
0-0: Called Strike 0-1: Fly out, F7 (Flyball, 7S, EV 94.4 MPH)
|
| Top of the 3rd over - 0 runs, 0 hits, 0 errors, 0 left on base; Summit 0 - Batavia 3 |
| BOTTOM OF THE 3RD |
|
Batavia Clippers batting - Pitching for Summit Red Dragons : LHP Bill Wilkinson
|
|
Batting: RHB Mickey Brantley
|
0-0: Called Strike 0-1: Ball 1-1: Ball 2-1: Ground out U3 (Groundball, 34S, EV 82.5 MPH)
|
|
Batting: RHB Dave Sax
|
0-0: SINGLE (Groundball, 56D, EV 104.4 MPH)
|
|
Batting: RHB Glenn Carpenter
|
0-0: Ball 1-0: Foul Ball, location: 2F 1-1: Swinging Strike 1-2: TRIPLE (Line Drive, 89XD, EV 102.5 MPH) Dave Sax scores
|
|
Batting: LHB Mike Botkin
|
0-0: Ball 1-0: Swinging Strike 1-1: Swinging Strike 1-2: Ground out U3 (Groundball, 34, EV 82.5 MPH) Glenn Carpenter scores
|
|
Batting: RHB Larry Kiesling
|
0-0: Ball 1-0: Reached on error, E1 (Groundball, 13S, EV 72.5 MPH)
|
|
Batting: RHB Jorge Gonzalez
|
0-0: Called Strike 0-1: Ball 1-1: Called Strike 1-2: Ball 2-2: Ground out 5-3 (Groundball, 56S, EV 70.0 MPH)
|
| Bottom of the 3rd over - 2 runs, 2 hits, 1 error, 1 left on base; Summit 0 - Batavia 5 |
| TOP OF THE 4TH |
|
Summit Red Dragons batting - Pitching for Batavia Clippers : RHP Antonio Fadhel
|
|
Batting: LHB Lou Thornton
|
0-0: Ball 1-0: Swinging Strike 1-1: Swinging Strike 1-2: Ball 2-2: Strikes out swinging
|
|
Batting: SHB Mark T McLemore
|
0-0: Called Strike 0-1: Ball 1-1: Fly out, F7 (Line Drive, 7, EV 102.5 MPH)
|
|
Batting: RHB Kash Beauchamp
|
0-0: Called Strike 0-1: Ball 1-1: Fly out, F8 (Flyball, 8RD, EV 109.4 MPH)
|
| Top of the 4th over - 0 runs, 0 hits, 0 errors, 0 left on base; Summit 0 - Batavia 5 |
| BOTTOM OF THE 4TH |
|
Batavia Clippers batting - Pitching for Summit Red Dragons : LHP Bill Wilkinson
|
|
Batting: RHB Luis Handal
|
0-0: Ball 1-0: Called Strike 1-1: Swinging Strike 1-2: Ball 2-2: Foul Ball, location: 2F 2-2: SINGLE (Flyball, 8RS, EV 90.0 MPH)
|
|
Batting: RHB Greg Tabor
|
0-0: Foul Ball, location: 2F 0-1: Ball 1-1: Ball 2-1: Swinging Strike 2-2: Foul Ball, location: 2F 2-2: Strikes out looking
|
|
Batting: LHB Mark Bingham
|
0-0: Ball 1-0: Ball 2-0: Foul Ball, location: 2F 2-1: Foul Ball, location: 2F 2-2: Strikes out swinging
|
|
Batting: RHB Mickey Brantley
|
0-0: Fly out, F9 (Flyball, 9D, EV 93.1 MPH)
|
| Bottom of the 4th over - 0 runs, 1 hit, 0 errors, 1 left on base; Summit 0 - Batavia 5 |
| TOP OF THE 5TH |
|
Summit Red Dragons batting - Pitching for Batavia Clippers : RHP Antonio Fadhel
|
|
Batting: LHB John Westmoreland
|
0-0: Called Strike 0-1: Ball 1-1: Foul Ball, location: 2F 1-2: Strikes out swinging
|
|
Batting: LHB Dion Lowe
|
0-0: Foul Ball, location: 2F 0-1: Ball 1-1: Foul Ball, location: 2F 1-2: Strikes out swinging
|
|
Batting: RHB John Smith
|
0-0: Called Strike 0-1: Called Strike 0-2: Ball 1-2: Strikes out looking
|
| Top of the 5th over - 0 runs, 0 hits, 0 errors, 0 left on base; Summit 0 - Batavia 5 |
| BOTTOM OF THE 5TH |
|
Batavia Clippers batting - Pitching for Summit Red Dragons : LHP Bill Wilkinson
|
|
Batting: RHB Dave Sax
|
0-0: Foul Ball, location: 2F 0-1: Swinging Strike 0-2: Strikes out swinging
|
|
Batting: RHB Glenn Carpenter
|
0-0: Ball 1-0: Foul Ball, location: 2F 1-1: Ground out U3 (Groundball, 3, EV 100.6 MPH)
|
|
Batting: LHB Mike Botkin
|
0-0: Ball 1-0: Swinging Strike 1-1: Foul Ball, location: 2F 1-2: Ground out 1-3 (Groundball, 15S, EV 69.4 MPH)
|
| Bottom of the 5th over - 0 runs, 0 hits, 0 errors, 0 left on base; Summit 0 - Batavia 5 |
| TOP OF THE 6TH |
|
Summit Red Dragons batting - Pitching for Batavia Clippers : RHP Antonio Fadhel
|
|
Batting: RHB Colacito Sanchez
|
0-0: Swinging Strike 0-1: Ball 1-1: Fly out, F9 (Flyball, 9, EV 93.8 MPH)
|
|
Batting: RHB Kenneth Gordon
|
0-0: Ball 1-0: Called Strike 1-1: Fly out, F8 (Flyball, 8RD, EV 105.6 MPH)
|
|
Batting: RHB Dana Williams
|
0-0: Foul Ball, location: 2F 0-1: Ball 1-1: Ball 2-1: Called Strike 2-2: Ball 3-2: Base on Balls
|
|
Batting: LHB Lou Thornton
|
0-0: Ball 1-0: Fly out, F8 (Flyball, 8LD, EV 101.9 MPH)
|
| Top of the 6th over - 0 runs, 0 hits, 0 errors, 1 left on base; Summit 0 - Batavia 5 |
| BOTTOM OF THE 6TH |
|
Batavia Clippers batting - Pitching for Summit Red Dragons : LHP Bill Wilkinson
|
|
Batting: RHB Larry Kiesling
|
0-0: Ball 1-0: Fly out, F7 (Flyball, 78M, EV 73.1 MPH)
|
|
Batting: RHB Jorge Gonzalez
|
0-0: Called Strike 0-1: Foul Ball, location: 2F 0-2: Ball 1-2: Ground out 6-3 (Groundball, 56, EV 105.6 MPH)
|
|
Batting: RHB Luis Handal
|
0-0: Ball 1-0: Fly out, F9 (Flyball, 89M, EV 91.9 MPH)
|
| Bottom of the 6th over - 0 runs, 0 hits, 0 errors, 0 left on base; Summit 0 - Batavia 5 |
| TOP OF THE 7TH |
|
Summit Red Dragons batting - Pitching for Batavia Clippers : RHP Antonio Fadhel
|
|
Batting: SHB Mark T McLemore
|
0-0: Ball 1-0: Ball 2-0: Ball 3-0: Called Strike 3-1: Base on Balls
|
|
Batting: RHB Kash Beauchamp
|
0-0: Swinging Strike Mark T McLemore is caught stealing 2nd base 2-4 0-1: Foul Ball, location: 2F 0-2: Strikes out swinging
|
|
Batting: LHB John Westmoreland
|
0-0: Called Strike 0-1: Ball 1-1: Called Strike 1-2: Fly out, F7 (Flyball, 78M, EV 78.1 MPH)
|
| Top of the 7th over - 0 runs, 0 hits, 0 errors, 0 left on base; Summit 0 - Batavia 5 |
| BOTTOM OF THE 7TH |
|
Batavia Clippers batting - Pitching for Summit Red Dragons : LHP Bill Wilkinson
|
|
Pitching: RHP John White
|
|
|
Batting: RHB Greg Tabor
|
0-0: Foul Ball, location: 2F 0-1: Ground out 5-3 (Groundball, 56, EV 85.6 MPH)
|
|
Batting: LHB Mark Bingham
|
0-0: Ball 1-0: Ball 2-0: Fly out, F8 (Flyball, 8LS, EV 93.1 MPH)
|
|
Batting: RHB Mickey Brantley
|
0-0: Ball 1-0: Called Strike 1-1: Swinging Strike 1-2: Foul Ball, location: 2F 1-2: Ball 2-2: Ball 3-2: Base on Balls
|
|
Batting: RHB Dave Sax
|
0-0: Called Strike 0-1: Ball 1-1: Foul Ball, location: 2F 1-2: SINGLE (Groundball, 6M, EV 102.5 MPH) (infield hit) Mickey Brantley to second
|
|
Batting: RHB Glenn Carpenter
|
0-0: Called Strike 0-1: Ball 1-1: Ball 2-1: Foul Ball, location: 2F 2-2: Ground out 4-3 (Groundball, 4, EV 106.3 MPH)
|
| Bottom of the 7th over - 0 runs, 1 hit, 0 errors, 2 left on base; Summit 0 - Batavia 5 |
| TOP OF THE 8TH |
|
Summit Red Dragons batting - Pitching for Batavia Clippers : RHP Antonio Fadhel
|
|
Batting: LHB Dion Lowe
|
0-0: SINGLE (Line Drive, 34D, EV 99.4 MPH)
|
|
Batting: RHB John Smith
|
0-0: Called Strike 0-1: Foul Ball, location: 2F 0-2: Strikes out swinging
|
|
Batting: RHB Colacito Sanchez
|
0-0: Ball 1-0: Foul Ball, location: 2F 1-1: Foul Ball, location: 2F 1-2: Foul Ball, location: 2F 1-2: Foul Ball, location: 2F 1-2: Strikes out looking
|
|
Batting: RHB Kenneth Gordon
|
0-0: SINGLE (Groundball, 34, EV 104.4 MPH) Dion Lowe to second Runner from 2nd tries for 3rd, SAFE, throw by RF made to third
|
|
Batting: RHB Dana Williams
|
0-0: Foul Ball, location: 2F 0-1: Fielders Choice at 2nd, 6-4 (Groundball, 6, EV 79.4 MPH)
|
| Top of the 8th over - 0 runs, 2 hits, 0 errors, 2 left on base; Summit 0 - Batavia 5 |
| BOTTOM OF THE 8TH |
|
Batavia Clippers batting - Pitching for Summit Red Dragons : RHP John White
|
|
Batting: LHB Mike Botkin
|
0-0: Foul Ball, location: 2F 0-1: Ball 1-1: Ball 2-1: Swinging Strike 2-2: Foul Ball, location: 2F 2-2: Ball 3-2: SOLO HOME RUN (Flyball, 9LD, EV 95.0 MPH), Distance : 368 ft
|
|
Batting: RHB Larry Kiesling
|
0-0: Ball 1-0: Called Strike 1-1: Foul Ball, location: 2F 1-2: Ball 2-2: Ground out 6-3 (Groundball, 6, EV 101.9 MPH)
|
|
Batting: RHB Jorge Gonzalez
|
0-0: Called Strike 0-1: Foul Ball, location: 2F 0-2: Ball 1-2: Ball 2-2: Strikes out swinging
|
|
Batting: RHB Luis Handal
|
0-0: Swinging Strike 0-1: Ball 1-1: Ground out U3 (Groundball, 34S, EV 85.0 MPH)
|
| Bottom of the 8th over - 1 run, 1 hit, 0 errors, 0 left on base; Summit 0 - Batavia 6 |
| TOP OF THE 9TH |
|
Summit Red Dragons batting - Pitching for Batavia Clippers : RHP Antonio Fadhel
|
|
Batting: LHB Lou Thornton
|
0-0: Called Strike 0-1: Ball 1-1: SOLO HOME RUN (Flyball, 9LD, EV 95.0 MPH), Distance : 359 ft
|
|
Batting: SHB Mark T McLemore
|
0-0: Called Strike 0-1: Ball 1-1: Called Strike 1-2: Ball 2-2: Ball 3-2: Foul Ball, location: 2F 3-2: SINGLE (Groundball, 4M, EV 106.3 MPH)
|
|
Batting: RHB Kash Beauchamp
|
0-0: Ball 1-0: Ball 2-0: Fly out, F8 (Flyball, 78D, EV 100.6 MPH)
|
|
Batting: LHB John Westmoreland
|
0-0: Ball 1-0: Called Strike 1-1: Ball 2-1: Ball Passed Ball! Mark T McLemore to second 3-1: Called Strike 3-2: Base on Balls
|
|
Batting: LHB Dion Lowe
|
0-0: Fly out, F4 (Flyball, 4D, EV 84.4 MPH)
|
|
Batting: RHB John Smith
|
0-0: Ball 1-0: Called Strike 1-1: Ball 2-1: Foul Ball, location: 2F 2-2: Ball 3-2: Foul Ball, location: 2F 3-2: SINGLE (Groundball, 25, EV 67.5 MPH) (infield hit) Mark T McLemore to third John Westmoreland to second
|
|
Batting: RHB Colacito Sanchez
|
0-0: Ground out 5-3 (Groundball, 56S, EV 76.9 MPH)
|
| Top of the 9th over - 1 run, 3 hits, 0 errors, 3 left on base; Summit 1 - Batavia 6 |
|